Map: Kairos Junction LE

Players

Losting - Winner!

  • Race: Protoss Protoss
  • League: Master
  • Spawn Location: 5:00

IIIIIIIIIIII

  • Race: Terran Terran
  • League: Master
  • Spawn Location: 11:00

VOD

Have the link to the VOD?

Description

Time

  • Played on: March 5, 2019, 5:18 p.m.
  • Length: 8:42
Show
View Real Time Build Order
Export as new Build Order

Losting Protoss - Winner!

Build Orders: 1 Gate Expand, Phoenix Opening, Blink Stalkers 

Get SALT Encoding   

  12  0:00  Probe  
  13  0:13  Probe  
  14  0:19  Pylon  
  14  0:25  Probe  
  15  0:38  Gateway  
  15  0:40  Assimilator  
  15  0:42  Probe  
  16  0:50  Probe  
  17  1:00  Probe  
  18  1:12  Probe  
  19  1:24  Probe  
  19  1:25  Cybernetics Core  
  20  1:33  Nexus  
  20  1:40  Pylon  
  20  1:43  Probe  
  21  1:51  Stalker  
  21  1:52  Assimilator  
  21  1:55  Probe  
  22  2:07  Warp Gate  
  22  2:08  Probe  
  25  2:20  Probe, Pylon  
  25  2:22  Stalker  
  28  2:32  Probe  
  29  2:39  Twilight Council  
  29  2:44  Probe  
  29  2:47  Shield Battery  
  29  2:49  Probe  
  31  2:53  Sentry  
  31  2:55  Probe  
  31  2:56  Blink  
  31  2:57  Probe  
  33  2:58  Assimilator  
  33  3:03  Probe  
  35  3:05  Probe  
  37  3:13  Probe  
  37  3:16  Probe  
  39  3:25  Probe  
  40  3:28  Probe  
  41  3:34  Stalker  
  41  3:35  Phoenix  
  41  3:37  Probe  
  41  3:40  Probe  
  45  3:42  Gateway  
  45  3:46  Gateway  
  45  3:53  Gateway  
  45  4:00  Pylon  
  45  4:05  Probe x2  
  47  4:12  Stalker  
  47  4:17  Probe x2  
  50  4:19  Robotics Facility  
  50  4:22  Pylon  
  51  4:43  Probe x2  
  53  4:47  Stalker x4, Charge  
  61  5:06  Nexus  
  61  5:07  Pylon  
  61  5:08  Observer  
  62  5:17  Pylon  
  62  5:21  Pylon  
  62  5:30  Observer  
  63  5:40  Zealot x3  
  69  5:46  Forge  
  69  5:47  Sentry, Forge  
  71  5:50  Assimilator, Protoss Ground Armor Level 1  
  71  5:51  Observer, Gateway  
  71  5:52  Gateway, Pylon  
  72  6:00  Protoss Ground Weapons Level 1  
  72  6:11  Probe  
  72  6:12  Probe  
  72  6:13  Observer  
  72  6:14  Shield Battery  
  75  6:19  Robotics Bay  
  75  6:24  Probe x2, Sentry  
  75  6:25  Zealot, Sentry  
  83  6:26  Zealot  
  83  6:31  Gateway  
  83  6:32  Gateway  
  85  6:36  Probe  
  86  6:47  Probe x2  
  86  6:48  Probe  
  89  6:57  Extended Thermal Lance  
  89  6:58  Colossus  
  89  6:59  Probe  
  90  7:15  Probe x3  
  99  7:24  Assimilator  
  99  7:26  Assimilator  
  99  7:27  Probe x2  
  99  7:28  Probe  
  102  7:30  Pylon  
  102  7:31  Zealot x4  
  102  7:33  Pylon  
  110  7:39  Probe  
  110  7:40  Probe  
  112  7:51  Pylon  
  112  7:52  Zealot x7  
  124  8:18  Zealot x8  
Show
View Real Time Build Order
Export as new Build Order

IIIIIIIIIIII Terran 

Build Orders: Cyclone Opening 

Get SALT Encoding   

  12  0:02  SCV  
  13  0:14  SCV  
  13  0:19  Supply Depot  
  14  0:26  SCV  
  15  0:34  Refinery  
  15  0:41  SCV  
  16  0:45  Barracks  
  16  0:53  SCV  
  17  1:05  SCV  
  17  1:09  Supply Depot  
  18  1:17  SCV  
  20  1:34  Marine  
  20  1:37  Factory  
  20  1:38  Orbital Command  
  20  1:53  Barracks Tech Lab  
  20  2:04  SCV  
  21  2:17  SCV  
  22  2:23  Command Center  
  22  2:27  Cyclone  
  22  2:29  SCV  
  26  2:30  Refinery  
  26  2:37  Supply Depot  
  26  2:41  SCV  
  27  2:53  SCV  
  28  2:59  Cyclone  
  31  3:05  SCV  
  31  3:10  Barracks Reactor  
  32  3:19  SCV  
  33  3:37  Starport  
  33  3:38  SCV  
  34  3:46  Marine x2, Siege Tank  
  39  3:49  Orbital Command  
  39  3:50  Refinery  
  39  3:51  SCV  
  39  3:53  Barracks  
  40  3:57  Barracks  
  40  4:03  SCV  
  40  4:05  Marine x2  
  43  4:15  SCV  
  44  4:26  Marine x2  
  44  4:27  SCV, Raven  
  44  4:28  Factory Tech Lab  
  49  4:35  SCV  
  49  4:38  Supply Depot  
  50  4:42  Supply Depot  
  52  4:49  Marine x2  
  52  4:51  Barracks Tech Lab  
  52  4:54  SCV x2  
  52  4:59  Siege Tank, Engineering Bay  
  57  5:06  Supply Depot  
  57  5:12  Marine x2  
  57  5:13  Stimpack  
  59  5:18  Marauder  
  59  5:21  SCV x2  
  63  5:25  Terran Infantry Weapons Level 1, Refinery  
  63  5:28  Combat Shield  
  63  5:29  Supply Depot, Marauder  
  63  5:30  Marine  
  63  5:32  Starport Reactor  
  63  5:35  SCV x2  
  68  5:47  Siege Tank  
  68  5:48  SCV x2  
  73  5:51  Marauder  
  73  5:52  Marine x2  
  73  5:53  Marauder  
  73  5:56  Supply Depot  
  73  6:07  Starport Reactor  
  73  6:10  Marine x2  
  75  6:12  Marauder  
  75  6:14  Marauder  
  75  6:16  SCV x2  
  81  6:19  Supply Depot  
  81  6:20  Siege Tank  
  84  6:27  Marine x2  
  84  6:30  SCV x2  
  88  6:37  Marauder  
  88  6:38  Marauder  
  92  6:43  Medivac  
  92  6:44  Medivac  
  92  6:45  Marine  
  92  6:46  Marine  
  98  6:48  SCV x2  
  102  7:01  Marauder  
  102  7:03  Supply Depot x2  
  102  7:24  Medivac, Siege Tank  
  109  7:34  Marine x2, Medivac, Marauder x2  
  115  7:37  SCV x2  
  115  7:39  Barracks x2  
  117  7:50  Supply Depot  
  117  7:51  Supply Depot  
  117  7:52  Marine x2  
  117  7:56  Marauder  
  87  8:22  Marine x3  
Tags
 
Add a new tag
Caveats
  • Supply blocks, unpowered buildings, or Contaminate may cause inaccurate times.
  • Supply counts are checked every 10 seconds.